 Dungeon Crawl Stone Soup version 0.26-a0-667-g92642533e4 (webtiles) character file.

Game seed: 7493758093395295951

8043 djmy96 the Martial Artist (level 11, 0/53 HPs)
             Began as a Vine Stalker Monk on Oct 17, 2020.
             Was an Elder of Zin.
             Succumbed to Sonja's poison
             ... on level 1 of the Lair of Beasts.
             The game lasted 00:20:43 (9960 turns).

djmy96 the Martial Artist (Vine Stalker Monk)       Turns: 9960, Time: 00:20:44

Health: 0/53       AC: 14    Str: 17    XL:     11   Next: 24%
Magic:  10/13      EV:  9    Int: 10    God:    Zin [****..]
Gold:   459        SH:  0    Dex: 17    Spells: 10/10 levels left

rFire    . . .     SeeInvis .     - Unarmed
rCold    + . .     Faith    +   (no shield)
rNeg     . . .     Spirit   +   e - +0 shadow dragon scales
rPois    .         Reflect  .   (no helmet)
rElec    .         Harm     .   (no cloak)
rCorr    .         Rampage  .   (no gloves)
MR       +....                  a - +0 pair of boots
Stlth    +++++.....             B - amulet of faith
HPRegen  0.57/turn              i - ring of protection from cold
MPRegen  0.13/turn              v - ring of flight

@: lethally poisoned (0 -> -36), slowed, very slow
A: fangs 3, regeneration 1, magic shield, antimagic bite, no potion heal 3, rot
immunity
a: Recite, Vitalisation, Imprison, Donate Gold, Renounce Religion, Evoke Flight


You were on level 1 of the Lair of Beasts.
You worshipped Zin.
Zin was greatly pleased with you.
You visited 3 branches of the dungeon, and saw 12 of its levels.

You collected 587 gold pieces.
You spent 78 gold pieces at shops.
You donated 50 gold pieces to Zin.

Inventory:

Missiles
 q - 3 boomerangs (quivered)
 y - 35 poisoned darts
Armour
 a - a +0 pair of boots (worn)
 e - +0 shadow dragon scales (worn)
Jewellery
 i - a ring of protection from cold (left hand)
 t - an uncursed amulet of the acrobat
 v - a ring of flight (right hand)
 B - an amulet of faith (around neck)
Wands
 p - a wand of acid (10)
Scrolls
 d - 5 scrolls of teleportation
 f - 8 scrolls of identify {unknown}
 h - 2 scrolls of immolation {unknown}
 j - 11 scrolls of remove curse
 k - 2 scrolls of random uselessness {unknown}
 l - 2 scrolls of blinking {unknown}
 m - a scroll of enchant armour {unknown}
 s - 2 scrolls of enchant weapon {unknown}
 A - 2 scrolls of fog {unknown}
 E - a scroll of amnesia {unknown}
 F - a scroll of magic mapping {unknown}
Potions
 b - 2 potions of curing
 c - 4 potions of heal wounds
 g - 3 potions of haste {unknown}
 n - a potion of flight {unknown}
 o - 2 potions of stabbing {unknown}
 r - 2 potions of ambrosia {unknown}
 u - a potion of mutation {unknown}
 w - a potion of magic {unknown}
 x - 2 potions of brilliance {unknown}
 z - a potion of might {unknown}
 D - 2 potions of degeneration {unknown}
 G - a potion of invisibility {unknown}
Miscellaneous
 C - a phial of floods


   Skills:
 + Level 4.1 Fighting
 + Level 6.6 Armour
 + Level 3.9 Dodging
 + Level 9.0 Stealth
 + Level 12.5 Unarmed Combat
 + Level 1.7 Invocations


You had 10 spell levels left.
You didn't know any spells.
Your spell library contained the following spells:

 Spells                   Type           Power        Failure   Level
 Animate Skeleton         Necr           #.....       99%         1
 Apportation              Tloc           #.....       99%         1
 Corona                   Hex            #......      99%         1
 Summon Small Mammal      Summ           #...         99%         1


Dungeon Overview and Level Annotations

Branches:
Dungeon (10/15)            Temple (1/1) D:4            Lair (1/6) D:9
    Orc: D:9-12

Altars:
Ashenzari
Cheibriados
Dithmenos
Elyvilon
Fedhas
Hepliaklqana
Kikubaaqudgha
Makhleb
Nemelex Xobeh
Okawaru
Ru
Sif Muna
Trog
Uskayaw
Vehumet
Wu Jian
Xom
Zin
The Shining One

Shops:
D:4 ?   D:8 *

Annotations:
D:3 1 runed translucent door, Whiskey's ghost, amateur OpCj


Innate Abilities, Weirdness & Mutations

You have razor-sharp teeth.
Your natural rate of healing is unusually fast.
When hurt, damage is shared between your health and your magic reserves.
Your bite disrupts and absorbs the magic of your enemies.
Potions cannot restore your health.
You are immune to rotting.


Message History

You finish reciting Anathema 17:5.
You feel very sick. Sonja hits you but does no damage. x2
You are more poisoned.
Sonja hits you with a +1 dagger of venom.
You are more poisoned.
A rime drake comes into view.
You hit Sonja.
You kill Sonja!
Your Stealth skill increases to level 9!
You feel very sick. The rime drake breathes ice at you.
The flash freeze hits you. You partially resist.
* * * LOW HITPOINT WARNING * * *
You are encased in ice.
Unknown command.
* * * LOW HITPOINT WARNING * * *
You feel extremely sick. The ice encasing you melts away.
You die...

# ###. .## #...
..##... #....#
##P.P# . #P..# P...
##@#
(....###..#######
......).(...(...###
...##.#.P.........#
#.......P.....##
#...#.###....P...#
#.#.### ##P...P..##
# . ##.P.P...## ..
##.P.....##


There were no monsters in sight!

Vanquished Creatures
  A two-headed ogre (D:9)
  Sonja (Lair:1)
  A manticore (D:10)
  A gargoyle (D:10)
  Joseph (D:9)
  A polar bear (Lair:1)
  2 humans (D:7)
  3 yaks (D:10)
  A basilisk (Lair:1)
  2 phantoms
  2 orc warriors
  6 sky beasts
  A black bear (Lair:1)
  An ice beast (D:7)
  2 necrophages
  5 ogres
  4 centaurs
  3 big kobolds
  5 bullfrogs
  4 scorpions
  5 killer bees (D:9)
  6 wights
  5 howler monkeys
  A bullfrog zombie (D:6)
  A quasit (D:8)
  3 hounds
  A jelly (D:8)
  11 orc priests
  5 bullfrog skeletons
  3 iguanas
  Natasha (thrice) (D:4)
  6 orc wizards
  5 worker ants
  2 killer bee zombies
  A hound zombie (D:7)
  A hound skeleton (D:7)
  A mummy (D:10)
  A worker ant zombie (D:5)
  2 howler monkey skeletons
  8 adders
  3 shadow imps
  A white imp (D:7)
  2 ufetubi
  2 oozes
  An adder skeleton (D:4)
  An adder zombie (D:9)
  5 worms
  2 dart slugs
  7 leopard geckos
  29 orcs
  A ball python (D:3)
  5 bats
  4 giant cockroaches
  8 goblins
  7 hobgoblins
  19 jackals
  7 quokkas
  3 frilled lizards
  A jackal skeleton (D:4)
  13 kobolds
  A leopard gecko zombie (D:6)
  3 rats (D:1)
243 creatures vanquished.

Vanquished Creatures (others)
  26 plants
  A withered plant (D:10)
27 creatures vanquished.

Grand Total: 270 creatures vanquished

Notes
Turn   | Place    | Note
-------+----------+-------------------------------------------
     0 | D:1      | djmy96 the Vine Stalker Monk began the quest for the Orb.
     0 | D:1      | Reached XP level 1. HP: 11/11 MP: 2/2
   554 | D:1      | Reached XP level 2. HP: 16/16 MP: 3/3
  1096 | D:1      | Reached XP level 3. HP: 18/20 MP: 2/4
  1770 | D:2      | Found a burning altar of Makhleb.
  1770 | D:2      | Noticed a blizzard demon
  1934 | D:2      | Gained mutation: Your natural rate of healing is unusually
                  | fast. [Vine Stalker growth]
  1934 | D:2      | Reached XP level 4. HP: 24/24 MP: 5/5
  2276 | D:3      | Noticed a centaur
  2301 | D:3      | Killed a centaur
  2301 | D:3      | Reached skill level 4 in Unarmed Combat
  2301 | D:3      | Reached XP level 5. HP: 21/28 MP: 6/6
  2350 | D:3      | Found a runed translucent door.
  2350 | D:3      | Noticed Whiskey's ghost (amateur OpCj)
  2737 | D:4      | Found a staircase to the Ecumenical Temple.
  2745 | Temple   | Entered the Ecumenical Temple
  2807 | Temple   | Became a worshipper of Dithmenos the Shadowed
  2807 | Temple   | Reached * piety under Dithmenos
  2807 | Temple   | Reached ** piety under Dithmenos
  2947 | D:4      | Noticed Natasha
  2959 | D:4      | Killed Natasha
  2959 | D:4      | Reached skill level 1 in Armour
  2959 | D:4      | Reached XP level 6. HP: 13/32 MP: 3/7
  3036 | D:4      | Found an iron altar of Okawaru.
  3137 | D:4      | Found Beafya's Magic Scroll Shoppe.
  3166 | D:4      | Reached skill level 5 in Stealth
  3166 | D:4      | Reached skill level 5 in Unarmed Combat
  3193 | D:4      | Bought a scroll of teleportation for 39 gold pieces
  3290 | D:4      | Noticed an ice beast
  3597 | D:4      | Reached XP level 7. HP: 33/36 MP: 8/8
  3756 | D:4      | Noticed Natasha
  3802 | D:4      | Found a glowing golden altar of the Shining One.
  4080 | D:4      | Found a staircase to the Ecumenical Temple.
  4401 | D:4      | Killed Natasha
  4447 | D:4      | Found Beafya's Magic Scroll Shoppe.
  4479 | D:4      | Noticed Natasha
  4496 | D:4      | Killed Natasha
  4496 | D:4      | Reached skill level 6 in Unarmed Combat
  4638 | D:4      | Found an iron altar of Okawaru.
  4727 | D:4      | Found a glowing golden altar of the Shining One.
  5000 | D:5      | Entered Level 5 of the Dungeon
  5214 | D:5      | Gained mutation: You have razor-sharp teeth. [Vine Stalker
                  | growth]
  5214 | D:5      | Reached XP level 8. HP: 7/40 MP: 2/9
  5311 | D:4      | Bought a scroll of remove curse for 39 gold pieces
  5518 | D:5      | Reached skill level 7 in Unarmed Combat
  5981 | D:6      | Reached *** piety under Dithmenos
  6116 | D:6      | Identified the +8 flail of the Heavens {vorpal, rC+ rN++
                  | Str+3 Int-4}
  6123 | D:6      | Reached skill level 8 in Unarmed Combat
  6393 | D:6      | Reached XP level 9. HP: 40/45 MP: 7/10
  6625 | D:6      | Reached skill level 9 in Unarmed Combat
  7207 | D:7      | Found an iron altar of Okawaru.
  7237 | D:7      | Reached skill level 10 in Unarmed Combat
  7634 | D:8      | Found a glowing silver altar of Zin.
  7664 | D:8      | Fell from the grace of Dithmenos
  7664 | D:8      | Became a worshipper of Zin the Law-Giver
  7664 | D:8      | Reached * piety under Zin
  7785 | D:8      | Reached XP level 10. HP: 46/49 MP: 11/11
  7890 | D:8      | Found Kiruc's Assorted Antiques.
  7937 | D:8      | Noticed a kobold demonologist
  8219 | D:8      | Reached ** piety under Zin
  8399 | D:9      | Reached skill level 5 in Armour
  8514 | D:9      | Reached skill level 11 in Unarmed Combat
  8708 | D:9      | Noticed Joseph
  8735 | D:9      | Killed Joseph
  8948 | D:9      | Found a staircase to the Lair.
  9039 | D:9      | Noticed a two-headed ogre
  9052 | D:9      | HP: 1/49 [two-headed ogre/+0 giant spiked club (11)]
  9055 | D:9      | Killed a two-headed ogre
  9055 | D:9      | Reached skill level 1 in Invocations
  9322 | D:10     | Entered Level 10 of the Dungeon
  9427 | D:10     | Reached *** piety under Zin
  9432 | D:10     | Noticed a manticore
  9443 | D:10     | Killed a manticore
  9523 | D:10     | Reached skill level 12 in Unarmed Combat
  9556 | D:10     | Noticed a gargoyle
  9570 | D:10     | Reached XP level 11. HP: 35/53 MP: 8/12
  9785 | Lair:1   | Entered Level 1 of the Lair of Beasts
  9844 | Lair:1   | Reached **** piety under Zin
  9946 | Lair:1   | Noticed Sonja
  9958 | Lair:1   | Killed Sonja
  9960 | Lair:1   | Succumbed to Sonja's poison

Illustrated notes

Levels and vault maps discovered:
D:1:      dpeg_arrival_renting, layout_basic, corexii_corridor_pit
D:2:      layout_loops_ring, makhleb_altar_promises_db
D:3:      layout_loops_ring, hellmonk_ghost_happy_afterlife
D:4:      minmay_inner_zag, layout_loops_corners, kennysheep_mini,
          minmay_temple_entry_butterflies, serial_shops, shop, tso_altar,
          uniq_natasha
D:5:      layout_basic, serial_bayou_pond_b
D:6:      cheibrodos_barr_body, layout_basic, chequers_arboretum
D:7:      layout_basic, okawaru_humans
D:8:      layout_basic, basic_altar, serial_shops, nicolae_shop_trees
D:9:      layout_long_grid, lair_entry_dummy, kennysheep_boxes, uniq_joseph
D:10:     layout_loops_cross, serial_undead, serial_undead_a, serial_undead_d,
          serial_undead_e, serial_undead_c, serial_shops,
          nicolae_shop_window_shopping, uniq_grum, uniq_urug
Temple:   compressed_dpeg_triangle_lava_temple
Lair:1:   beast_lair_carwin_large_1, layout_cave_pods, grunt_megastairs_5,
          lemuel_fruit_tree, uniq_sonja

Skill      XL: |  1  2  3  4  5  6  7  8  9 10 11 |
---------------+----------------------------------+-----
Fighting       | 3 4 |  4.1
Stealth        | 3 4 5 6 7 8 9 |  9.0
Unarmed Combat | 4 5 6 8 10 12 | 12.5
Armour         | 1 2 3 4 6 |  6.6
Dodging        | 3 |  3.9
Invocations    | 1 |  1.7

Action                   |  1- 3 |  4- 6 |  7- 9 | 10-12 || total
-------------------------+-------+-------+-------+-------++-------
Melee: Unarmed           |   115 |   159 |   458 |   271 ||  1003
       Bite              |    31 |    59 |   153 |    88 ||   331
       Punch             |     1 |     1 |    22 |    16 ||    40
Throw: Boomerang         |       |       |       |     1 ||     1
Invok: Shadow Step       |       |       |     2 |       ||     2
       Recite            |       |       |       |     5 ||     5
  Use: Scroll            |       |       |     1 |       ||     1
       Potion            |       |       |       |     1 ||     1
 Stab: Sleeping          |    14 |     9 |    22 |    10 ||    55
       Distracted        |     1 |       |     2 |     1 ||     4
Armor: Shadow dragon sca |    28 |    75 |   179 |   170 ||   452
       Robe              |     5 |       |       |       ||     5
Dodge: Dodged            |    51 |    46 |   138 |   198 ||   433

Table legend: (Time is in decaauts)
 A = Elapsed time spent in this place.
 B = Non-inter-level travel time spent in this place.
 C = Inter-level travel time spent in this place.
 D = Time resting spent in this place.
 E = Time spent auto-exploring this place.
 F = Levels seen in this place.
 G = Mean time per level.
                   A        B        C        D        E       F      G
               +--------+--------+--------+--------+--------+-----+--------+
         Total |   9859 |   9423 |    436 |    100 |   7335 |  12 |  821.6 |
       Dungeon |   9609 |   9181 |    428 |    100 |   7151 |  10 |  960.9 |
        Temple |     74 |     66 |      8 |      0 |     60 |   1 |   74.0 |
          Lair |    175 |    175 |      0 |      0 |    124 |   1 |  175.0 |
               +--------+--------+--------+--------+--------+-----+--------+

Top non-repeatable levels by time:
     D:4: 2367 daAuts
     D:1: 1473 daAuts
     D:9: 990 daAuts
     D:7: 899 daAuts
     D:5: 762 daAuts
     D:6: 737 daAuts
     D:8: 702 daAuts
     D:2: 632 daAuts
     D:3: 615 daAuts
    D:10: 428 daAuts
  Lair:1: 175 daAuts
  Temple: 74 daAuts
